MLB
LOS ANGELES DODGERS @ SAN FRANCISCO GIANTS
04/23/2044
 
TOP OF THE 1ST
Los Angeles Dodgers batting - Pitching for San Francisco Giants : RHP Curt Howland
Pitching: RHP Curt Howland
Batting: SHB Joel Baker 0-0: Called Strike
0-1: Swinging Strike
0-2: Strikes out swinging
Batting: LHB Chris Ringwood 0-0: Called Strike
0-1: Ball
1-1: DOUBLE (Line Drive, 78D, EV 106.9 MPH)
Batting: LHB Bob Branham 0-0: Called Strike
0-1: Called Strike
0-2: Ball
1-2: Strikes out swinging
Batting: LHB Lirak Bazhunaishvili 0-0: Foul Ball, location: 2F
0-1: Ball
1-1: Called Strike
1-2: Ball
2-2: Ball
3-2: Fly out, F5 (Popup, 56S, EV 74.4 MPH)
Top of the 1st over - 0 runs, 1 hit, 0 errors, 1 left on base; Los Angeles 0 - San Francisco 0
BOTTOM OF THE 1ST
San Francisco Giants batting - Pitching for Los Angeles Dodgers : RHP Justin Scheithauer
Pitching: RHP Justin Scheithauer
Batting: RHB Nick Rigden 0-0: Called Strike
0-1: Ground out 6-3 (Groundball, 6, EV 85.0 MPH)
Batting: SHB Ryan Doss 0-0: Foul Ball, location: 2F
0-1: Ball
1-1: Swinging Strike
1-2: Ball
2-2: Fly out, F8 (Flyball, 8LD, EV 95.0 MPH)
Batting: LHB Jack Henningar 0-0: Ball
1-0: Ball
2-0: Ball
3-0: Base on Balls
Batting: LHB Willis Robles 0-0: Called Strike
0-1: Ball
1-1: Ball
Jack Henningar steals 2nd, throwing error, E2
Jack Henningar to third
2-1: SINGLE (Line Drive, 8LS, EV 95.0 MPH)
Jack Henningar scores
Batting: RHB Sean Zielinski 0-0: Called Strike
0-1: SINGLE (Flyball, 6D, EV 90.0 MPH)
Willis Robles to second
Batting: RHB Jim Zucco 0-0: Called Strike
0-1: Foul Ball, location: 2F
0-2: Strikes out swinging
Bottom of the 1st over - 1 run, 2 hits, 1 error, 2 left on base; Los Angeles 0 - San Francisco 1
TOP OF THE 2ND
Los Angeles Dodgers batting - Pitching for San Francisco Giants : RHP Curt Howland
Batting: RHB Clay Buchanan 0-0: Swinging Strike
0-1: Ball
1-1: Ball
2-1: Ball
3-1: Base on Balls
Batting: RHB Jorge Severiano 0-0: Called Strike
0-1: Ball
1-1: Ball
2-1: Foul Ball, location: 2F
2-2: Ball
3-2: Base on Balls
Clay Buchanan to second
Batting: LHB Ryan Taylor 0-0: Swinging Strike
0-1: Swinging Strike
0-2: Ball
1-2: Foul Ball, location: 2F
1-2: Strikes out swinging
Batting: RHB Tsutomu Irie 0-0: Ball
1-0: Foul Ball, location: 2F
1-1: Ball
2-1: Foul Ball, location: 2F
2-2: Ball
3-2: Strikes out swinging
Batting: RHB Ben Mischnick 0-0: Foul Ball, location: 2F
0-1: Called Strike
0-2: Strikes out swinging
Top of the 2nd over - 0 runs, 0 hits, 0 errors, 2 left on base; Los Angeles 0 - San Francisco 1
BOTTOM OF THE 2ND
San Francisco Giants batting - Pitching for Los Angeles Dodgers : RHP Justin Scheithauer
Batting: RHB Jason May 0-0: Ball
1-0: Ball
2-0: Ball
3-0: Base on Balls
Batting: RHB Ray Llewellyn 0-0: Called Strike
0-1: Hit by Pitch
Jason May to second
Batting: RHB Xavier Castellanos 0-0: Ball
1-0: Ball
2-0: Ball
3-0: Called Strike
3-1: Base on Balls
Jason May to third
Ray Llewellyn to second
Batting: RHB Nick Rigden 0-0: Ball
1-0: Ball
2-0: Fly out, F9 (Flyball, 9LS, EV 77.5 MPH)
Batting: SHB Ryan Doss 0-0: Ball
1-0: Ball
2-0: Ball
3-0: Called Strike
3-1: Base on Balls
Jason May scores
Ray Llewellyn to third
Xavier Castellanos to second
Batting: LHB Jack Henningar 0-0: Called Strike
0-1: Fly out, F7 (Flyball, 7D, EV 101.2 MPH)
Runner from 3rd tags up, SCORES, throw by LF
Xavier Castellanos to third
Batting: LHB Willis Robles 0-0: Ball
1-0: Ball
2-0: 3-RUN HOME RUN (Flyball, 78XD, EV 99.4 MPH), Distance : 411 ft
Batting: RHB Sean Zielinski 0-0: Swinging Strike
0-1: Ball
1-1: SINGLE (Groundball, 5S, EV 69.4 MPH) (infield hit)
Pitching: LHP Sam Zegarelli
Batting: RHB Jim Zucco 0-0: Fly out, F9 (Line Drive, 9, EV 85.6 MPH)
Bottom of the 2nd over - 5 runs, 2 hits, 0 errors, 1 left on base; Los Angeles 0 - San Francisco 6
TOP OF THE 3RD
Los Angeles Dodgers batting - Pitching for San Francisco Giants : RHP Curt Howland
Batting: SHB Joel Baker 0-0: Called Strike
0-1: Ball
1-1: Fly out, F7 (Flyball, 78M, EV 85.6 MPH)
Batting: LHB Chris Ringwood 0-0: Called Strike
0-1: Called Strike
0-2: Foul Ball, location: 2F
0-2: Strikes out swinging
Batting: LHB Bob Branham 0-0: Ball
1-0: Foul Ball, location: 2F
1-1: Foul Ball, location: 2F
1-2: Strikes out swinging
Top of the 3rd over - 0 runs, 0 hits, 0 errors, 0 left on base; Los Angeles 0 - San Francisco 6
BOTTOM OF THE 3RD
San Francisco Giants batting - Pitching for Los Angeles Dodgers : LHP Sam Zegarelli
Batting: RHB Jason May 0-0: Foul Ball, location: 2F
0-1: Foul Ball, location: 2F
0-2: Ball
1-2: SINGLE (Groundball, 56D, EV 85.0 MPH) (infield hit)
Batting: RHB Ray Llewellyn 0-0: Called Strike
0-1: Ball
1-1: Ball
2-1: Swinging Strike
2-2: Ball
3-2: Strikes out swinging
Jason May steals 2nd base
Batter strikes out.
Batting: RHB Xavier Castellanos 0-0: Ball
Jason May steals 3rd, throwing error, E2
Jason May scores
1-0: Ground out 4-3 (Groundball, 4, EV 105.6 MPH)
Batting: RHB Nick Rigden 0-0: DOUBLE (Line Drive, 89D, EV 110.6 MPH)
Batting: SHB Ryan Doss 0-0: Called Strike
0-1: Ball
1-1: Ball
2-1: Foul Ball, location: 2F
2-2: Foul Ball, location: 2F
2-2: Ball
3-2: Strikes out swinging
Bottom of the 3rd over - 1 run, 2 hits, 1 error, 1 left on base; Los Angeles 0 - San Francisco 7
TOP OF THE 4TH
Los Angeles Dodgers batting - Pitching for San Francisco Giants : RHP Curt Howland
Batting: LHB Lirak Bazhunaishvili 0-0: Ball
1-0: Foul Ball, location: 2F
1-1: Called Strike
1-2: Ball
2-2: Foul Ball, location: 2F
2-2: Fly out, F7 (Line Drive, 7D, EV 106.9 MPH)
Batting: RHB Clay Buchanan 0-0: DOUBLE (Line Drive, 8RXD, EV 102.5 MPH)
Batting: RHB Jorge Severiano 0-0: Swinging Strike
0-1: Swinging Strike
0-2: Foul Ball, location: 2F
0-2: Strikes out swinging
Batting: LHB Ryan Taylor 0-0: Ball
1-0: Called Strike
1-1: 2-RUN HOME RUN (Flyball, 9LD, EV 91.9 MPH), Distance : 330 ft
Batting: RHB Tsutomu Irie 0-0: Called Strike
0-1: Foul Ball, location: 2F
0-2: Strikes out looking
Top of the 4th over - 2 runs, 2 hits, 0 errors, 0 left on base; Los Angeles 2 - San Francisco 7
BOTTOM OF THE 4TH
San Francisco Giants batting - Pitching for Los Angeles Dodgers : LHP Sam Zegarelli
Batting: LHB Jack Henningar 0-0: Ball
1-0: SINGLE (Groundball, 34S, EV 69.4 MPH) (infield hit)
Batting: LHB Willis Robles 0-0: Called Strike
0-1: Called Strike
0-2: Strikes out swinging
Batting: RHB Sean Zielinski 0-0: Ball
1-0: Foul Ball, location: 2F
1-1: Swinging Strike
1-2: Ball
2-2: Fly out, F9 (Line Drive, 9, EV 88.1 MPH)
Batting: RHB Jim Zucco 0-0: Ball
1-0: Ball
2-0: Fielders Choice at 2nd, 6-4 (Groundball, 6, EV 92.5 MPH)
Bottom of the 4th over - 0 runs, 1 hit, 0 errors, 1 left on base; Los Angeles 2 - San Francisco 7
TOP OF THE 5TH
Los Angeles Dodgers batting - Pitching for San Francisco Giants : RHP Curt Howland
Batting: RHB Ben Mischnick 0-0: SOLO HOME RUN (Flyball, 78XD, EV 104.4 MPH), Distance : 419 ft
Batting: SHB Joel Baker 0-0: Called Strike
0-1: Called Strike
0-2: Ball
1-2: Ground out U3 (Groundball, 3, EV 93.1 MPH)
Batting: LHB Chris Ringwood 0-0: Called Strike
0-1: Ball
1-1: Ball
2-1: Ball
3-1: Base on Balls
Batting: LHB Bob Branham 0-0: Grounds into double play, 3-6-3 (Groundball, 34S, EV 83.1 MPH)
Top of the 5th over - 1 run, 1 hit, 0 errors, 0 left on base; Los Angeles 3 - San Francisco 7
BOTTOM OF THE 5TH
San Francisco Giants batting - Pitching for Los Angeles Dodgers : LHP Sam Zegarelli
Batting: RHB Jason May 0-0: Ball
1-0: Ball
2-0: Called Strike
2-1: Ball
3-1: Base on Balls
Batting: RHB Ray Llewellyn 0-0: Ball
1-0: Called Strike
1-1: Swinging Strike
1-2: Strikes out swinging
Batting: RHB Xavier Castellanos 0-0: Called Strike
Jason May is caught stealing 2nd base 2-4
0-1: Ground out 4-3 (Groundball, 4S, EV 78.8 MPH)
Bottom of the 5th over - 0 runs, 0 hits, 0 errors, 0 left on base; Los Angeles 3 - San Francisco 7
TOP OF THE 6TH
Los Angeles Dodgers batting - Pitching for San Francisco Giants : RHP Curt Howland
Batting: LHB Lirak Bazhunaishvili 0-0: Ball
1-0: Foul Ball, location: 2F
1-1: Ball
2-1: Fly out, F8 (Flyball, 8RD, EV 93.8 MPH)
Batting: RHB Clay Buchanan 0-0: Ball
1-0: Ball
2-0: SINGLE (Line Drive, 78S, EV 97.5 MPH)
Pitching: RHP Nate Heideman
Batting: RHB Jorge Severiano 0-0: Ball
1-0: Ball
2-0: Foul Ball, location: 2F
2-1: Ball
3-1: Hit by Pitch
Clay Buchanan to second
Batting: LHB Ryan Taylor 0-0: Ball
1-0: Ground out 5-3 (Groundball, 56S, EV 68.1 MPH)
Clay Buchanan to third
Jorge Severiano to second
Batting: RHB Tsutomu Irie 0-0: Swinging Strike
0-1: Ball
1-1: Swinging Strike
1-2: Strikes out swinging
Top of the 6th over - 0 runs, 1 hit, 0 errors, 2 left on base; Los Angeles 3 - San Francisco 7
BOTTOM OF THE 6TH
San Francisco Giants batting - Pitching for Los Angeles Dodgers : LHP Sam Zegarelli
Batting: RHB Nick Rigden 0-0: Foul Ball, location: 2F
0-1: Swinging Strike
0-2: Ball
1-2: Ball
2-2: SINGLE (Line Drive, 8LS, EV 101.2 MPH)
Batting: SHB Ryan Doss 0-0: Ball
Nick Rigden steals 2nd base (no throw)
1-0: Foul Ball, location: 2F
1-1: Ball
2-1: Ground out 6-3 (Groundball, 6, EV 81.2 MPH)
Nick Rigden to third
Pitching: LHP Lance Crumpton
Batting: LHB Jack Henningar 0-0: Ball
1-0: Called Strike
1-1: Called Strike
1-2: Foul Ball, location: 2F
1-2: Strikes out swinging
Batting: LHB Willis Robles 0-0: Called Strike
0-1: Ball
1-1: Ball
2-1: Ball
3-1: Ground out 6-3 (Groundball, 4MS, EV 68.8 MPH)
Bottom of the 6th over - 0 runs, 1 hit, 0 errors, 1 left on base; Los Angeles 3 - San Francisco 7
TOP OF THE 7TH
Los Angeles Dodgers batting - Pitching for San Francisco Giants : RHP Nate Heideman
Pitching: RHP Johnny Munoz
Batting: RHB Ben Mischnick 0-0: Ball
1-0: Called Strike
1-1: Called Strike
1-2: Ball
2-2: Strikes out looking
Batting: SHB Joel Baker 0-0: Ball
1-0: Ball
2-0: Ball
3-0: Base on Balls
Batting: LHB Chris Ringwood 0-0: Ball
Joel Baker steals 2nd base
1-0: Ball
2-0: Ball
3-0: Called Strike
3-1: Called Strike
3-2: Base on Balls
Batting: LHB Bob Branham 0-0: Ball
1-0: SINGLE (Line Drive, 6D, EV 98.8 MPH)
Joel Baker to third
Chris Ringwood to second
Runner from 3rd tries for Home, SAFE, throw by LF to home
Pitching: RHP Ben Sheets
Batting: LHB Lirak Bazhunaishvili 0-0: Foul Ball, location: 2F
0-1: Ball
1-1: Swinging Strike
Passed Ball!
Chris Ringwood to third
Bob Branham to second
1-2: Ball
2-2: Strikes out swinging
Batting: RHB Clay Buchanan 0-0: Ball
1-0: Ball
2-0: Foul Ball, location: 2F
2-1: SINGLE (Line Drive, 6D, EV 95.0 MPH)
Chris Ringwood scores
Bob Branham to third
Runner from 3rd tries for Home, SAFE, throw by CF to home
Batting: RHB Jorge Severiano 0-0: Ball
1-0: Ball
2-0: Ball
3-0: Called Strike
3-1: Called Strike
3-2: SINGLE (Groundball, 5S, EV 72.5 MPH) (infield hit)
Clay Buchanan to second
Batting: LHB Ryan Taylor 0-0: Called Strike
0-1: Fly out, F6 (Flyball, 56D, EV 79.4 MPH)
Top of the 7th over - 3 runs, 3 hits, 0 errors, 2 left on base; Los Angeles 6 - San Francisco 7
BOTTOM OF THE 7TH
San Francisco Giants batting - Pitching for Los Angeles Dodgers : LHP Lance Crumpton
Batting: RHB Sean Zielinski 0-0: Foul Ball, location: 2F
0-1: Fly out, F8 (Flyball, 8LS, EV 83.8 MPH)
Batting: RHB Jim Zucco 0-0: Ground out 6-3 (Groundball, 6S, EV 91.9 MPH)
Batting: RHB Jason May 0-0: Called Strike
0-1: Foul Ball, location: 2F
0-2: Ball
1-2: Ball
2-2: Ball
3-2: Base on Balls
Batting: RHB Ray Llewellyn 0-0: Called Strike
0-1: Ball
1-1: Called Strike
1-2: Strikes out swinging
Bottom of the 7th over - 0 runs, 0 hits, 0 errors, 1 left on base; Los Angeles 6 - San Francisco 7
TOP OF THE 8TH
Los Angeles Dodgers batting - Pitching for San Francisco Giants : RHP Ben Sheets
Pitching: RHP Micah Teller
Batting: RHB Tsutomu Irie 0-0: Ground out 4-3 (Groundball, P, EV 85.0 MPH)
Batting: RHB Ben Mischnick 0-0: Swinging Strike
0-1: Foul Ball, location: 2F
0-2: Ball
1-2: Ground out 6-3 (Groundball, 56S, EV 78.8 MPH)
Batting: SHB Joel Baker 0-0: Called Strike
0-1: Ball
1-1: Foul Ball, location: 2F
1-2: Ball
2-2: Strikes out swinging
Top of the 8th over - 0 runs, 0 hits, 0 errors, 0 left on base; Los Angeles 6 - San Francisco 7
BOTTOM OF THE 8TH
San Francisco Giants batting - Pitching for Los Angeles Dodgers : LHP Lance Crumpton
Batting: RHB Xavier Castellanos 0-0: Ball
1-0: Ball
2-0: SINGLE (Line Drive, 34, EV 103.1 MPH)
Batting: RHB Nick Rigden 0-0: Ball
1-0: Bunted foul
1-1: Sac Bunt to 13S - play at first, batter OUT! 1-4
Xavier Castellanos to second
Batting: SHB Ryan Doss 0-0: Ball
1-0: Foul Ball, location: 2F
1-1: Ground out 6-3 (Groundball, 6MD, EV 98.8 MPH)
Xavier Castellanos to third
Batting: LHB Jack Henningar 0-0: Called Strike
0-1: Ball
1-1: SINGLE (Groundball, 34S, EV 70.0 MPH) (infield hit)
Xavier Castellanos scores
Batting: LHB Willis Robles 0-0: Called Strike
0-1: Called Strike
0-2: Strikes out swinging
Bottom of the 8th over - 1 run, 2 hits, 0 errors, 1 left on base; Los Angeles 6 - San Francisco 8
TOP OF THE 9TH
Los Angeles Dodgers batting - Pitching for San Francisco Giants : RHP Micah Teller
Pitching: RHP Borisz Barciniak
Batting: LHB Chris Ringwood 0-0: Ball
1-0: Swinging Strike
1-1: Foul Ball, location: 2F
1-2: Ball
2-2: Strikes out looking
Batting: LHB Bob Branham 0-0: Foul Ball, location: 2F
0-1: Foul Ball, location: 2F
0-2: Ball
1-2: Foul Ball, location: 2F
1-2: Strikes out swinging
Batting: LHB Lirak Bazhunaishvili 0-0: Ball
1-0: Fly out, F7 (Flyball, 7, EV 95.0 MPH)
Top of the 9th over - 0 runs, 0 hits, 0 errors, 0 left on base; Los Angeles 6 - San Francisco 8
Thursday, March 31st , 2022 - OOTP Baseball 22.12 Build 89